Map: Fields of Death

Players

Furion - Winner!

  • Race: Protoss Protoss

imreallybad - Winner!

  • Race: Zerg Zerg

Duncan

  • Race: Protoss Protoss

EdibleDXX

  • Race: Terran Terran

VOD

Have the link to the VOD?

Description

Time

  • Played on: Dec. 21, 2015, 12:21 p.m.
  • Length: 4:38
Show
View Real Time Build Order
Export as new Build Order

Furion Protoss - Winner!

Build Orders: 1 Gate Expand 

Get SALT Encoding   

  12  0:01  Probe (Chrono Boost)  
  13  0:12  Probe (Chrono Boost)  
  14  0:18  Pylon  
  14  0:23  Probe (Chrono Boost)  
  15  0:36  Probe (Chrono Boost)  
  15  0:37  Gateway  
  16  0:46  Probe (Chrono Boost)  
  17  0:51  Assimilator  
  17  1:15  Nexus  
  17  1:23  Probe (Chrono Boost)  
  18  1:28  Zealot  
  20  1:34  Probe (Chrono Boost)  
  20  1:37  Pylon  
  21  1:50  Cybernetics Core  
  21  1:55  Zealot  
  21  1:58  Probe (Chrono Boost)  
  25  2:08  Probe (Chrono Boost)  
  25  2:15  Assimilator  
  25  2:19  Probe (Chrono Boost), Warp Gate (Chrono Boost)  
  26  2:24  Forge  
  26  2:26  Zealot  
  28  2:41  Probe  
  28  2:43  Probe  
  30  2:52  Probe  
  30  2:55  Probe  
  32  3:04  Probe  
  33  3:07  Probe  
  34  3:16  Probe  
  34  3:18  Pylon  
  34  3:19  Probe  
  36  3:25  Gateway  
  36  3:28  Probe  
  36  3:31  Probe  
  38  3:41  Probe  
  39  3:43  Probe  
  40  3:53  Probe  
  41  3:55  Probe  
  41  3:57  Adept (Chrono Boost)  
  44  4:05  Probe  
  44  4:07  Probe  
  50  4:33  Gateway  
  50  4:35  Pylon  
Show
View Real Time Build Order
Export as new Build Order

imreallybad Zerg - Winner!

Build Orders: Hatch First 

Get SALT Encoding   

  12  0:03  Drone  
  13  0:13  Overlord  
  13  0:17  Drone  
  14  0:31  Drone x2  
  16  0:35  Drone  
  17  0:54  Hatchery  
  16  0:57  Drone  
  16  1:00  Drone  
  18  1:06  Extractor  
  18  1:08  Drone  
  18  1:18  Drone  
  18  1:25  Spawning Pool  
  18  1:30  Drone  
  19  1:39  Drone  
  20  1:50  Drone  
  21  2:06  Drone  
  22  2:11  Drone  
  22  2:12  Queen x2  
  22  2:13  Metabolic Boost  
  27  2:18  Overlord  
  27  2:22  Drone  
  28  2:39  Drone  
  28  2:42  Hatchery, Drone  
  29  2:47  Overlord  
  29  2:49  Drone  
  30  2:54  Drone x2  
  32  2:59  Drone  
  32  3:04  Drone  
  34  3:10  Drone  
  35  3:15  Overlord  
  35  3:17  Drone  
  36  3:25  Zergling x14  
  43  3:31  Drone  
  44  3:38  Overlord  
  44  3:46  Drone  
  44  3:47  Drone  
  46  3:55  Queen  
  48  3:56  Drone x8  
  55  4:10  Zergling x4  
  55  4:11  Zergling x2  
  55  4:13  Zergling x2  
  59  4:23  Extractor  
  58  4:26  Evolution Chamber x2  
Show
View Real Time Build Order
Export as new Build Order

Duncan Protoss 

Build Orders:  

Get SALT Encoding   

  12  0:09  Probe (Chrono Boost)  
  13  0:20  Probe (Chrono Boost)  
  14  0:39  Pylon  
  14  0:46  Pylon  
  14  0:51  Assimilator  
  14  0:56  Probe (Chrono Boost)  
  15  0:57  Assimilator  
  15  1:07  Probe (Chrono Boost)  
  16  1:17  Probe (Chrono Boost)  
  16  1:18  Gateway  
  17  1:28  Probe (Chrono Boost)  
  17  1:30  Gateway  
  18  2:03  Nexus  
  18  2:10  Cybernetics Core  
  18  2:19  Pylon  
  18  3:09  Pylon  
  18  3:14  Pylon  
  19  3:27  Probe (Chrono Boost)  
  19  3:37  Probe (Chrono Boost)  
  20  3:48  Probe (Chrono Boost)  
  21  3:58  Probe (Chrono Boost)  
  22  4:02  Robotics Facility  
  22  4:09  Probe (Chrono Boost)  
  23  4:31  Forge  
Show
View Real Time Build Order
Export as new Build Order

EdibleDXX Terran 

Build Orders:  

Get SALT Encoding   

  12  0:04  SCV  
  13  0:16  SCV  
  14  0:26  Supply Depot  
  14  0:28  SCV  
  15  0:39  Engineering Bay  
  15  0:55  SCV  
  15  0:56  Refinery  
  16  0:57  Refinery  
  16  1:08  SCV  
  16  1:11  Barracks  
  17  1:38  SCV  
  18  1:50  SCV  
  19  2:02  SCV  
  19  2:03  Barracks Tech Lab  
  19  2:05  Barracks  
  20  2:14  SCV  
  21  2:26  SCV  
  21  2:28  Sensor Tower  
  21  2:29  Marine  
  23  2:40  Orbital Command  
  23  3:00  Supply Depot  
  23  3:06  Barracks Reactor  
  23  3:22  Marine  
  24  3:39  Marine  
  25  3:41  SCV  
  26  3:51  Supply Depot  
  26  3:52  Command Center  
  26  3:53  SCV  
  27  3:57  Marine  
  28  4:05  SCV  
  28  4:07  Bunker  
  28  4:14  Marine x2  
  28  4:15  Supply Depot, Marine  
Tags
 
Add a new tag
Caveats
  • Supply blocks, unpowered buildings, or Contaminate may cause inaccurate times.
  • Supply counts are checked every 10 seconds.